 Dungeon Sprint DCSS version 0.20.1-1-g8b1a95d (webtiles) character file.

64009 Mitsuki the Hoplite (level 15, -3/143 HPs)
             Began as a Formicid Fighter on Sept 26, 2017.
             Was the Champion of Okawaru.
             Killed from afar by Margery (7 damage)
             ... with a bolt of fire
             ... in the Dungeon (Sprint IX: "|||||||||||||||||||||||||||||").
             The game lasted 00:24:52 (5051 turns).

Mitsuki the Hoplite (Formicid Fighter)              Turns: 5051, Time: 00:24:53

Health: -3/143     AC: 31    Str: 32    XL:     15   Next: 52%
Magic:  23/25      EV:  9    Int:  8    God:    Okawaru [******]
Gold:   1106       SH: 28    Dex: 15    Spells: 14/14 levels left

rFire    + + .     SeeInvis +   l - +2 dire flail "Peehyn" {freeze, rF+ rN+ Dex+3 Stlth+}
rCold    + . .     Gourm    .   z - +2 large shield {rC+}
rNeg     + + +     Faith    .   I - +6 plate armour of the Catfish {rPois Dex+4}
rPois    +         Spirit   .   (helmet unavailable)
rElec    .         Reflect  .   g - +2 cloak {+Inv}
rCorr    .         Harm     .   q - +3 pair of gloves "Poiq Quh" {rN++ Dex+2}
MR       ++...                  C - +0 pair of boots
Stlth    ..........             (no amulet)
Regen    0.4/turn               D - ring of protection from fire
MPRegen  0.2/turn               E - ring of protection from magic

@: mighty
A: permanent stasis, dig shafts and tunnels, four strong arms, antennae 3,
clumsy 2, deformed body, wild magic 1, evolution 1
a: Dig, Heroism, Finesse, Renounce Religion, Evoke Invisibility


You were in the Dungeon.
You worshipped Okawaru.
Okawaru was exalted by your worship.
You were not hungry.

You visited 1 branch You collected 1904 gold pieces.
You spent 798 gold pieces at shops.

Inventory:

Hand Weapons
 a - a +2 demon whip of freezing
 l - the +2 dire flail "Peehyn" (weapon) {freeze, rF+ rN+ Dex+3 Stlth+}
   (You found it in the Dungeon)

   It has been specially enchanted to freeze those struck by it, causing extra
   injury to most foes and up to half again as much damage against particularly
   susceptible opponents.
   It can also slow down cold-blooded creatures.
   It affects your dexterity (+3).
   It protects you from fire.
   It protects you from negative energy.
   It makes you more stealthy.
 s - the +1 demon whip "Okleck" {pain, Int+10}
   (Okawaru gifted it to you in the Dungeon)

   In the hands of one skilled in necromantic magic, it inflicts extra damage on
   living creatures.
   It affects your intelligence (+10).
Armour
 b - the scarf of Truth {rElec MR- Str+2, unknown}
   (Okawaru gifted it to you in the Dungeon)

   It affects your strength (+2).
   It insulates you from electricity.
   It affects your resistance to hostile enchantments.
 g - a +2 cloak of invisibility (worn)
 q - the +3 pair of gloves "Poiq Quh" (worn) {rN++ Dex+2}
   (Okawaru gifted it to you in the Dungeon)

   It affects your dexterity (+2).
   It greatly protects you from negative energy.
 z - a +2 large shield of cold resistance (worn)
 C - a +0 pair of boots (worn)
 I - the +6 plate armour of the Catfish (worn) {rPois Dex+4}
   (You bought it in a shop in the Dungeon)

   It affects your dexterity (+4).
   It protects you from poison.
Jewellery
 D - a ring of protection from fire (left hand)
 E - a ring of protection from magic (right hand)
Wands
 p - a wand of acid (7/15)
 u - a wand of polymorph (10/24)
Scrolls
 k - 3 scrolls of blinking
 n - 4 scrolls of remove curse
 o - 2 scrolls of amnesia
 v - a scroll of fear
 w - 3 scrolls of recharging
 x - 2 scrolls of enchant armour
 y - a scroll of fog
 H - 3 scrolls of identify
Potions
 d - 2 potions of might
 e - 10 potions of curing
 h - a potion of haste
 i - 4 potions of magic
 j - a potion of berserk rage
 m - a potion of invisibility
 F - a potion of brilliance
 G - a potion of agility
Miscellaneous
 t - a phantom mirror
Comestibles
 c - 39 fruits
 f - 13 bread rations
 A - 12 meat rations


   Skills:
 + Level 20.7 Fighting
 + Level 19.2 Maces & Flails
 + Level 20.6 Armour
 + Level 22.1 Shields
 - Level 8.2 Invocations
 + Level 14.4 Evocations


You had 14 spell levels left.
You didn't know any spells.

Dungeon Overview and Level Annotations

Branches:
Dungeon (1/1)

Altars:
Cheibriados
Dithmenos
Elyvilon
Fedhas
Gozag
Hepliaklqana
Kikubaaqudgha
Makhleb
Nemelex Xobeh
Okawaru
Qazlal
Ru
Sif Muna
Trog
Uskayaw
Vehumet
Xom
Yredelemnul
Zin
The Shining One
Beogh
Jiyva
Lugonu

Shops:
D [}}(

Annotations:
D Margery


Innate Abilities, Weirdness & Mutations

You cannot be hasted, slowed, berserked, paralysed or teleported.
You can dig through walls and to a lower floor.
Your four strong arms can wield two-handed weapons with a shield.
You have a pair of large antennae on your head. (SInv)
You are very clumsy. (Dex -4)
Armour fits poorly on your strangely shaped body.
Your spells are a little harder to cast, but a little more powerful.
You evolve.


Message History

* * * LOW HITPOINT WARNING * * *
You impale Margery!! You freeze Margery!
Margery is heavily wounded.
You barely miss Margery.
Margery is heavily wounded.
The hell knight hits you from afar with an enchanted demon trident!
* * * LOW HITPOINT WARNING * * *
You completely miss Margery.
Margery is heavily wounded.
Your hands slow down.
Margery casts a spell at you. The bolt of fire hits you!
You impale Margery!! You freeze Margery!
Margery is severely wounded.
You closely miss Margery.
Margery is severely wounded.
You block the hell knight's attack.
Margery points at you and mumbles some strange words.
The bolt of fire hits you! You resist.
You die...

.▓.▓.▓.▓.▓.▓.▓.▓.▓
{
.▓.▓.▓.▓.▓.▓.▓.▓.▓
{
.▓'▓.▓'▓.▓.▓.▓'▓.▓
{
.▓.▓.▓.▓.▓.▓.▓.▓.▓
{
.▓.▓.▓.▓.▓.▓.▓.▓)▓
{
.▓=▓.▓.▓.▓'▓.▓.▓.▓
{
.▓[▓.▓.▓.♣.♣.▓.▓.▓
{
.▓)▓.▓.▓.♣%♣.▓.▓.▓
{
.▓∩▓.▓.▓.♣%♣.▓.▓@▓
{
.▓.▓.▓.▓.♣.♣.▓)▓@▓
{
.▓∩▓.▓.▓.♣.♣.▓.▓p▓
{
.▓.▓.▓)▓.♣.♣.▓(▓p▓
.▓∩▓.▓)▓.♣.♣.▓)▓p▓
{ {
.▓.▓.▓)▓.♣%♣.▓(▓.▓
{
.▓∩▓.▓)▓.♣%♣.▓)▓.▓
{
.▓)▓.▓)▓.♣'♣.▓)▓.▓
{
.▓)▓.▓)▓.▓.▓.▓)▓.▓
{


You could see Margery and 3 hell knights.

Vanquished Creatures
  A thorn hunter (D)
  A fire giant (D)
  2 frost giants (D)
  A ghost moth (D)
  2 emperor scorpions (D)
  4 stone giants (D)
  An ironheart preserver (D)
  An entropy weaver (D)
  A spark wasp (D)
  A merfolk javelineer (D)
  An ettin (D)
  2 yaktaur captains (D)
  2 naga warriors (D)
  2 fire dragons (D)
  A rakshasa (D)
  3 ogre magi (D)
  4 hydras (D)
  Erica (D)
  An anaconda (D)
  A merfolk aquamancer (D)
  5 death yaks (D)
  2 two-headed ogres (D)
  2 deep troll earth magi (D)
  A deep troll shaman (D)
  A naga sharpshooter (D)
  9 orc high priests (D)
  A shock serpent (D)
  A spriggan berserker (D)
  2 hell knights (D)
  A shadow wraith (D)
  A sea snake (D)
  A wizard (D)
  A glowing orange brain (D)
  An ironbrand convoker (D)
  2 orc knights (D)
  A wolf spider (D)
  2 harpies (D)
  An orb spider (D)
  A harpy (shapeshifter) (D)
  A necromancer (D)
  An ugly thing (D)
  A slime creature (D)
  A cyclops (D)
  A manticore (D)
  3 black mambas (D)
  2 vault sentinels (D)
  2 naga magi (D)
  2 spiny frogs (D)
  A rime drake (D)
  2 komodo dragons (D)
  2 demonic crawlers (D)
  2 trolls (shapeshifter) (D)
  A tengu conjurer (D)
  2 jumping spiders (D)
  A merfolk (D)
  A meliai (shapeshifter) (D)
  3 hornets (D)
  2 tyrant leeches (D)
  A polar bear (shapeshifter) (D)
  2 hippogriffs (D)
  2 snapping turtles (D)
  A spriggan (shapeshifter) (D)
  2 shadows (D)
  4 yaks (D)
  A water elemental (D)
  A hungry ghost (D)
  A vampire mosquito (D)
  5 porcupines (D)
  A soldier ant (shapeshifter) (D)
  8 orc warriors (D)
  2 water moccasins (D)
  A swamp drake (D)
  2 sky beasts (D)
  A boggart (D)
  An ogre (D)
  A wolf (D)
  A crocodile (D)
  3 bullfrogs (D)
  A gnoll sergeant (D)
  2 crimson imps (D)
  A jelly (D)
  4 orc wizards (D)
  12 orc priests (D)
  2 dart slugs (D)
  8 orcs (D)
  A goblin (D)
  A jackal (D)
  2 kobolds (D)
  A leopard gecko skeleton (D)
  A rat (D)
  A briar patch (D)
178 creatures vanquished.

Vanquished Creatures (others)
  Nikola (D)
  A naga (D)
2 creatures vanquished.

Grand Total: 180 creatures vanquished

Notes
Turn   | Place    | Note
-------+----------+-------------------------------------------
     0 | D        | Mitsuki the Formicid Fighter began the quest for the Orb.
     0 | D        | Reached XP level 1. HP: 18/18 MP: 1/1
     9 | D        | Reached skill level 4 in Shields
    11 | D        | Reached XP level 2. HP: 19/25 MP: 2/2
    85 | D        | Noticed a crimson imp
   102 | D        | Reached skill level 5 in Fighting
   102 | D        | Reached skill level 5 in Armour
   102 | D        | Reached skill level 5 in Shields
   102 | D        | Reached XP level 3. HP: 23/33 MP: 3/3
   109 | D        | Reached skill level 6 in Shields
   109 | D        | Reached XP level 4. HP: 29/39 MP: 4/4
   116 | D        | Found a roughly hewn altar of Beogh.
   116 | D        | Found a snail-covered altar of Cheibriados.
   116 | D        | Found a shadowy altar of Dithmenos.
   116 | D        | Found a white marble altar of Elyvilon.
   116 | D        | Found a blossoming altar of Fedhas.
   116 | D        | Found an opulent altar of Gozag.
   183 | D        | Found a hazy altar of Hepliaklqana.
   184 | D        | Found a viscous altar of Jiyva.
   185 | D        | Found an ancient bone altar of Kikubaaqudgha.
   186 | D        | Found a corrupted altar of Lugonu.
   187 | D        | Found a burning altar of Makhleb.
   188 | D        | Found a sparkling altar of Nemelex Xobeh.
   189 | D        | Found an iron altar of Okawaru.
   190 | D        | Found a stormy altar of Qazlal.
   191 | D        | Found a sacrificial altar of Ru.
   192 | D        | Found a deep blue altar of Sif Muna.
   193 | D        | Found a bloodstained altar of Trog.
   194 | D        | Found a hide-covered altar of Uskayaw.
   195 | D        | Found a radiant altar of Vehumet.
   197 | D        | Became a worshipper of Warmaster Okawaru
   198 | D        | Found a shimmering altar of Xom.
   199 | D        | Found a basalt altar of Yredelemnul.
   200 | D        | Found a glowing silver altar of Zin.
   201 | D        | Found a glowing golden altar of the Shining One.
   232 | D        | Got the +2 dire flail "Peehyn" {freeze, rF+ rN+ Dex+3 Stlth+}
   266 | D        | Noticed a bullfrog
   266 | D        | Noticed a gnoll sergeant
   266 | D        | Noticed a two-headed ogre
   266 | D        | Noticed an orc warrior
   266 | D        | Noticed a water moccasin
   274 | D        | Killed a water moccasin
   274 | D        | Reached skill level 5 in Maces & Flails
   274 | D        | Reached skill level 7 in Shields
   274 | D        | Reached XP level 5. HP: 29/47 MP: 4/7
   279 | D        | HP: 2/47 [two-headed ogre/giant club (14)]
   283 | D        | Killed a two-headed ogre
   283 | D        | Reached * piety under Okawaru
   283 | D        | Reached ** piety under Okawaru
   283 | D        | Reached skill level 10 in Shields
   283 | D        | Reached XP level 6. HP: 20/58 MP: 4/11
   283 | D        | Reached XP level 7. HP: 22/64 MP: 4/12
   283 | D        | Reached XP level 8. HP: 24/71 MP: 4/13
   543 | D        | Noticed a spiny frog
   543 | D        | Noticed a two-headed ogre
   552 | D        | Noticed a troll
   552 | D        | a spiny frog changed into a troll
   563 | D        | Killed a two-headed ogre
   563 | D        | Reached *** piety under Okawaru
   563 | D        | Reached **** piety under Okawaru
   563 | D        | Reached skill level 10 in Fighting
   563 | D        | Reached skill level 10 in Armour
   563 | D        | Reached skill level 11 in Shields
   563 | D        | Reached XP level 9. HP: 79/79 MP: 15/15
   574 | D        | Killed a troll
   576 | D        | Reached skill level 12 in Shields
   580 | D        | Reached skill level 10 in Maces & Flails
   737 | D        | Noticed a six-headed hydra
   737 | D        | Noticed a rime drake
   741 | D        | Noticed a komodo dragon
   744 | D        | Killed a six-headed hydra
   744 | D        | Reached ***** piety under Okawaru
   744 | D        | Reached XP level 10. HP: 89/89 MP: 13/16
   748 | D        | Killed a rime drake
   748 | D        | Reached skill level 13 in Shields
   750 | D        | Noticed a black mamba
   767 | D        | Killed a komodo dragon
   767 | D        | Received a gift from Okawaru
   777 | D        | Killed a black mamba
   971 | D        | Noticed a black mamba
   983 | D        | Killed a black mamba
  1022 | D        | Noticed a spiny frog
  1023 | D        | Noticed an eight-headed hydra
  1037 | D        | Reached skill level 14 in Shields
  1050 | D        | Killed an eight-headed hydra
  1050 | D        | Reached XP level 11. HP: 81/98 MP: 17/17
  1338 | D        | Noticed a death yak
  1338 | D        | Noticed a death yak
  1338 | D        | Noticed a death yak
  1340 | D        | Noticed a death yak
  1340 | D        | Noticed a death yak
  1348 | D        | Killed a death yak
  1348 | D        | Reached skill level 15 in Shields
  1353 | D        | Killed a death yak
  1359 | D        | Killed a death yak
  1368 | D        | Killed a death yak
  1368 | D        | Reached ****** piety under Okawaru
  1374 | D        | Killed a death yak
  1912 | D        | Reached skill level 16 in Shields
  1936 | D        | Reached skill level 15 in Fighting
  1950 | D        | Reached skill level 15 in Armour
  2282 | D        | Found Hoassah's Weapon Boutique.
  2282 | D        | Noticed an orc high priest
  2282 | D        | Noticed an orc high priest
  2282 | D        | Noticed an orc high priest
  2282 | D        | Noticed an orc high priest
  2282 | D        | Noticed an orc high priest
  2295 | D        | Killed an orc high priest
  2295 | D        | Reached XP level 12. HP: 79/110 MP: 11/18
  2296 | D        | Found Puxeb's Gadget Shop.
  2296 | D        | Noticed an orc high priest
  2299 | D        | Killed an orc high priest
  2299 | D        | Received a gift from Okawaru
  2301 | D        | Noticed an orc high priest
  2305 | D        | Noticed a soul eater
  2314 | D        | Killed an orc high priest
  2317 | D        | Found Naguungo's Gadget Boutique.
  2317 | D        | Noticed an orc high priest
  2322 | D        | Killed an orc high priest
  2326 | D        | Killed an orc high priest
  2328 | D        | Found Zoaptofuwe's Armour Shop.
  2400 | D        | Noticed a soul eater
  2402 | D        | Killed an orc high priest
  2402 | D        | Reached skill level 17 in Shields
  2405 | D        | Killed an orc high priest
  2411 | D        | Killed an orc high priest
  2677 | D        | Noticed an orc high priest
  2678 | D        | Noticed a sun demon
  2683 | D        | Killed an orc high priest
  2683 | D        | Received a gift from Okawaru
  2695 | D        | Got a steaming demon whip {god gift}
  2758 | D        | Noticed Erica
  2769 | D        | Killed Erica
  2769 | D        | Reached skill level 15 in Maces & Flails
  3091 | D        | Identified the +1 demon whip "Okleck" {pain, Int+10} (Okawaru gifted it to you in the Dungeon)
  3113 | D        | Bought the +6 plate armour of the Catfish {rPois Dex+4} for 798 gold pieces
  3252 | D        | Noticed an ogre mage
  3252 | D        | Noticed an eight-headed hydra
  3260 | D        | Killed an eight-headed hydra
  3260 | D        | Reached skill level 1 in Evocations
  3268 | D        | Noticed a frost giant
  3287 | D        | Killed a frost giant
  3287 | D        | Reached skill level 18 in Shields
  3287 | D        | Reached XP level 13. HP: 90/119 MP: 13/19
  3289 | D        | Noticed an ettin
  3290 | D        | Killed an ogre mage
  3296 | D        | Noticed a frost giant
  3308 | D        | Killed an ettin
  3308 | D        | Reached skill level 5 in Evocations
  3319 | D        | Killed a frost giant
  3526 | D        | Gained mutation: You are clumsy. (Dex -2) [mutagenic meat]
  3527 | D        | Gained mutation: Armour fits poorly on your strangely shaped body. [mutagenic meat]
  3529 | D        | Gained mutation: You are very clumsy. (Dex -4) [mutagenic meat]
  3531 | D        | Gained mutation: Your spells are a little harder to cast, but a little more powerful. [mutagenic meat]
  3632 | D        | Noticed a naga warrior
  3638 | D        | Noticed an anaconda
  3641 | D        | Noticed a naga warrior
  3657 | D        | Killed a naga warrior
  3679 | D        | Received a gift from Okawaru
  3686 | D        | Killed an anaconda
  3686 | D        | Reached skill level 19 in Shields
  3699 | D        | Killed a naga warrior
  3906 | D        | Noticed a merfolk javelineer
  3955 | D        | Killed a merfolk javelineer
  4027 | D        | Noticed an entropy weaver
  4027 | D        | Noticed an emperor scorpion
  4027 | D        | Noticed a ghost moth
  4028 | D        | Noticed an emperor scorpion
  4032 | D        | Killed a ghost moth
  4032 | D        | Reached XP level 14. HP: 130/130 MP: 2/20
  4044 | D        | Killed an emperor scorpion
  4044 | D        | Received a gift from Okawaru
  4067 | D        | Killed an entropy weaver
  4082 | D        | Killed an emperor scorpion
  4082 | D        | Reached skill level 10 in Evocations
  4087 | D        | Got a pair of fine gloves {god gift}
  4187 | D        | Identified the +3 pair of gloves "Poiq Quh" {rN++ Dex+2} (Okawaru gifted it to you in the Dungeon)
  4223 | D        | Reached skill level 20 in Shields
  4246 | D        | Noticed a thorn hunter
  4276 | D        | Killed a thorn hunter
  4444 | D        | Noticed a spark wasp
  4447 | D        | Noticed a stone giant
  4466 | D        | Killed a spark wasp
  4475 | D        | Killed a stone giant
  4489 | D        | Noticed a stone giant
  4503 | D        | Killed a stone giant
  4516 | D        | Received a gift from Okawaru
  4530 | D        | Reached skill level 21 in Shields
  4569 | D        | Gained mutation: You evolve. [mutagenic meat]
  4614 | D        | Reached XP level 15. HP: 127/141 MP: 18/24
  4615 | D        | Noticed a fire giant
  4628 | D        | Noticed a stone giant
  4640 | D        | Killed a fire giant
  4653 | D        | Noticed a stone giant
  4663 | D        | Killed a stone giant
  4680 | D        | Noticed an ironheart preserver
  4694 | D        | Killed a stone giant
  4702 | D        | Killed an ironheart preserver
  4998 | D        | Noticed Nikola
  5015 | D        | Killed Nikola
  5015 | D        | Reached skill level 22 in Shields
  5026 | D        | Received a gift from Okawaru
  5027 | D        | Got a heavily runed scarf {god gift}
  5037 | D        | Noticed Margery
  5048 | D        | HP: 3/143 [hell knight/enchanted demon trident[Margery] (16)]
  5051 | D        | Killed from afar by Margery

Skill      XL: |  1  2  3  4  5  6  7  8  9 10 11 12 13 14 15 |
---------------+----------------------------------------------+-----
Shields        | 4 5 6 7 10 11 12 14 16 18 19 21 22 | 22.1
Fighting       | 4 5 6 9 10 11 13 15 16 18 19 20 | 20.7
Armour         | 5 6 9 10 11 13 15 16 18 19 20 | 20.6
Maces & Flails | 3 4 5 7 9 10 12 13 15 16 18 19 | 19.2
Invocations    | 3 7 8 |  8.2
Evocations     | 3 9 12 14 | 14.4

Action                   |  1- 3 |  4- 6 |  7- 9 | 10-12 | 13-15 || total
-------------------------+-------+-------+-------+-------+-------++-------
Melee: Flail             |    33 |       |       |       |       ||    33
       Dire flail        |       |    15 |    58 |   281 |   496 ||   850
Invok: Heroism           |       |       |     2 |     7 |     7 ||    16
       Finesse           |       |       |       |     5 |     7 ||    12
  Use: Potion            |       |     2 |       |     2 |     1 ||     5
  Eat: Chunk             |       |       |       |     4 |    11 ||    15
       Bread ration      |       |       |       |     1 |       ||     1
       Fruit             |       |       |       |       |     1 ||     1
Armor: Scale mail        |    14 |       |       |       |       ||    14
       Chain mail        |       |     3 |     4 |    18 |       ||    25
       Plate armour      |       |       |       |    10 |    66 ||    76
Dodge: Dodged            |    13 |     5 |    17 |    41 |    23 ||    99
Block: Shield            |     8 |     8 |    29 |     9 |       ||    54
       Large shield      |       |       |       |   142 |   239 ||   381
